 Dungeon Crawl Stone Soup version 0.16-a0-1816-g2c93a98 (webtiles) character file.

181 timbw the Cudgeler (level 5, 0/49 HPs)
             Began as a Troll Hunter on Nov 3, 2014.
             Was an Initiate of Okawaru.
             Slain by Prince Ribbit (19 damage)
             ... on level 5 of the Dungeon.
             The game lasted 00:05:12 (602 turns).

timbw the Cudgeler (Troll Hunter)                    Turns: 602, Time: 00:05:12

Health: 0/49       AC:  5    Str: 20    XL:     5   Next: 34%
Magic:  2/2        EV: 10    Int:  7    God:    Okawaru [......]
Gold:   31         SH:  0    Dex: 11    Spells: 0 memorised, 4 levels left

rFire  . . .     SeeInvis .     (no weapon)
rCold  . . .     Clarity  .     d - +0 animal skin
rNeg   . . .     SustAb   .     (shield restricted)
rPois  .         Gourm    +     (helmet restricted)
rElec  .         Spirit   .     (no cloak)
rCorr  .         Warding  .     (gloves unavailable)
rMut   +         Stasis   .     (boots unavailable)
MR     .....                    g - amulet of resist mutation
Stlth  +.........               (no ring)
                                (no ring)

@: not resistant to hostile enchantments, very unstealthy
A: unfitting armour, claws 3, fast metabolism 3, gourmand, regeneration 2,
shaggy fur 1, tough skin 2
a: Renounce Religion


You were on level 5 of the Dungeon.
You worshipped Okawaru.
Okawaru was noncommittal.
You were not hungry.

You visited 2 branches of the dungeon, and saw 6 of its levels.

You collected 31 gold pieces.

Inventory:

Hand weapons
 b - a +0 flail
 i - a cursed -3 club
Armour
 d - a +0 animal skin (worn)
Jewellery
 g - an amulet of resist mutation (around neck)
Magical devices
 e - a wand of lightning (5)
Scrolls
 h - a scroll of identify
Potions
 j - 2 potions of degeneration
Comestibles
 a - a meat ration
 k - a royal jelly


   Skills:
 - Level 2.1 Fighting
 + Level 4.0 Maces & Flails
 - Level 3.6 Throwing
 - Level 2.0 Dodging
 - Level 0.4 Stealth


You had 4 spell levels left.
You didn't know any spells.

Dungeon Overview and Level Annotations

Branches:
Dungeon (5/15)             Temple (1/1) D:4

Altars:
Ashenzari
Cheibriados
Dithmenos
Elyvilon
Gozag
Kikubaaqudgha
Makhleb
Nemelex Xobeh
Okawaru
Qazlal
Trog
Vehumet
Yredelemnul
Zin
The Shining One

Annotations:
D:4 Menkaure
D:5 Prince Ribbit


Innate Abilities, Weirdness & Mutations

You are too large for most types of armour.
You have claws for hands.
Your metabolism is lightning-fast.
You like to eat raw meat.
You heal very quickly.
You are covered in fur (AC +1).
You have very tough skin (AC +2).


Message History

Prince Ribbit closely misses you.
Throwing (i - inventory):
c - 2 throwing nets (quivered)
Press: ? - help, Shift-Dir - straight line, f/p - Prince Ribbit
Aim: Prince Ribbit (heavily wounded)
You throw a throwing net.
Prince Ribbit momentarily phases out as the throwing net passes through him.
Prince Ribbit hits you. Prince Ribbit closely misses you.
Throwing (i - inventory):
c - a throwing net (quivered)
Press: ? - help, Shift-Dir - straight line, f/p - Prince Ribbit
Aim: Prince Ribbit (heavily wounded)
You throw a throwing net. The throwing net misses Prince Ribbit.
Prince Ribbit hits you. Prince Ribbit barely misses you.
Things that are here:
a spear; a flail; a leather armour Prince Ribbit hits you!
You hear the hiss of an avalanche of sand, a long way away.
Prince Ribbit lets out a mournful croak.
Prince Ribbit hits you!!
You die...

.........#########
#.#
........F....S...#
#.#
.........#######.#
#.# .........# #)#
#.# ..%......# #(#
#.# .........# #.#
#.# .........# #.#
#.# $........# #.#
#)# .........# #@#
#.# .........# #F#
#.# ######### #.#
#.# #)#####.#
#))....(#
#########


You could see Prince Ribbit.

Vanquished Creatures
  A gnoll shaman (D:5)
  A hound (D:5)
  A worker ant (D:4)
  5 gnolls (D:5)
  An adder (D:5)
  A shadow imp (D:4)
  An orc skeleton (D:4)
  A giant gecko (D:3)
  An ooze (D:4)
  4 orcs (D:5)
  A bat (D:2)
  2 hobgoblins (D:5)
  5 jackals (D:3)
  2 giant newts (D:3)
  3 goblins
  2 quokkas
  4 rats
36 creatures vanquished.

Notes
Turn   | Place    | Note
--------------------------------------------------------------
     0 | D:1      | timbw, the Troll Hunter, began the quest for the Orb.
     0 | D:1      | Reached XP level 1. HP: 19/19 MP: 1/1
   119 | D:3      | Reached XP level 2. HP: 26/28 MP: 1/1
   224 | D:4      | Reached skill level 1 in Maces & Flails
   249 | D:4      | Reached XP level 3. HP: 32/35 MP: 2/2
   294 | D:4      | Found a staircase to the Ecumenical Temple.
   296 | D:4      | Noticed Menkaure
   299 | D:4      | Noticed an ogre
   302 | Temple   | Entered the Ecumenical Temple
   318 | Temple   | Became a worshipper of Warmaster Okawaru
   348 | D:5      | Entered Level 5 of the Dungeon
   376 | D:5      | Reached XP level 4. HP: 13/42 MP: 2/2
   441 | D:5      | Reached XP level 5. HP: 16/49 MP: 2/2
   551 | D:5      | Noticed Prince Ribbit
   579 | D:5      | Reached skill level 4 in Maces & Flails
   602 | D:5      | Slain by Prince Ribbit

Action                   |  1- 3 |  4- 6 || total
-------------------------+-------+-------++-------
Melee: Unarmed           |    88 |    36 ||   124
Throw: Large rock        |     2 |    20 ||    22
       Throwing net      |       |     3 ||     3
  Use: Scroll            |     2 |       ||     2
 Stab: Sleeping          |     1 |       ||     1
  Eat: Chunk             |     1 |       ||     1
       Meat ration       |       |     1 ||     1
